 Dungeon Crawl Stone Soup version 0.30-b1-2-g02819fbbbe (webtiles) character file.

Game seed: 6784030814652069840

560 ketsa the Cleaver (level 7, -1/59 HPs)
             Began as a Hill Orc Fighter on May 23, 2023.
             Splashed by a jelly's acid (9 damage)
             ... on level 5 of the Dungeon.
             The game lasted 00:10:03 (3777 turns).

ketsa the Cleaver (Hill Orc Fighter)                Turns: 3777, Time: 00:10:04

Health: -1/59      AC: -11   Str: 21    XL:     7   Next: 31%
Magic:  7/7        EV:  9    Int:  8    God:
Gold:   146        SH:  5    Dex: 10    Spells: 6/6 levels left

rFire   + . .        a - +0 war axe
rCold   . . .        c - +0 buckler
rNeg    . . .        b - +0 scale mail
rPois   .            (no helmet)
rElec   .            r - +0 cloak
rCorr   .            (no gloves)
SInv    .            (no boots)
Will    .....        (no amulet) Stlth
                     g - ring of protection from fire
HPRegen 0.29/turn    (no ring)
MPRegen 0.10/turn

%: no passive effects
@: mighty, corroded
A: no striking features
a: no special abilities


You were on level 5 of the Dungeon.
You visited 1 branch of the dungeon, and saw 5 of its levels.

You collected 146 gold pieces.

Inventory:

Hand Weapons
 a - a +0 war axe (weapon)
Armour
 b - a +0 scale mail (worn)
 c - a +0 buckler (worn)
 l - a +1 leather armour of fire resistance
 r - a +0 cloak (worn)
Jewellery
 g - a ring of protection from fire (left hand)
 p - an amulet of magic regeneration
Wands
 k - a wand of charming (1)
Scrolls
 e - a scroll of summoning
 f - 3 scrolls of identify
 h - a scroll of silence {unknown}
 i - 2 scrolls of fear
 j - 3 scrolls of vulnerability
 m - a scroll of immolation {unknown}
 o - a scroll of noise
 q - a scroll of enchant armour {unknown}
 s - a scroll of fog {unknown}
Potions
 d - a potion of might
 n - 2 potions of mutation
 t - a potion of degeneration {unknown}


   Skills:
 + Level 4.0 Fighting
 * Level 8.4 Axes
 + Level 3.6 Armour
 - Level 5.4 Shields


You had 6 spell levels left.
You didn't know any spells.
Your spell library contained the following spells:

 Spells                   Type           Power      Damage    Failure   Level
 Magic Dart               Conj           0%         1d3       80%         1
 Sting                    Tmut/Pois      0%         1d3       80%         1
 Call Imp                 Summ           0%         N/A       91%         2
 Ensorcelled Hibernation  Hex/Ice        0%         N/A       91%         2
 Poisonous Vapours        Pois/Air       0%         N/A       91%         2
 Mephitic Cloud           Conj/Pois/Air  0%         N/A       99%         3
 Spider Form              Tmut/Pois      0%         N/A       99%         3
 Stone Arrow              Conj/Erth      0%         3d7       99%         3
 Anguish                  Hex/Necr       0%         N/A       100%        4
 Animate Armour           Summ/Erth      0%         N/A       100%        4
 Olgreb's Toxic Radiance  Pois           0%         N/A       100%        4
 Lehudib's Crystal Spear  Conj/Erth      0%         10d2      100%        8


Dungeon Overview and Level Annotations

Branches:
Dungeon (5/15) Zot: 26132
 Temple: D:4-7

Altars:
Gozag
Hepliaklqana
Xom

Shops:
D:3 !

Annotations:
D:4 1 runed translucent door, Crazy Yiuf, Natasha


Message History

You barely miss the orc wizard.
The orc wizard is almost dead.
The orc wizard gestures wildly while chanting.
The orc wizard flickers and vanishes!
Deactivating autopickup; reactivate with Ctrl-A.
You hit something.
Reactivating autopickup.
You feel a bit more experienced.
Your Fighting skill increases to level 4!
There is a stone staircase leading up, spattered with blood here.
Things that are here:
a +0 dagger; a +0 robe; an orc corpse
Things that are here:
a +0 mace; an orc corpse You see here a +0 hand axe.
You start resting.
A jelly comes into view.
Things that are here:
a +0 mace; an orc corpse The jelly quivers.
Found a scroll labelled RYEDETH LEFUI.
You hit the jelly. The acid corrodes you!
Your hands burn!
The jelly is lightly wounded.
The jelly closely misses you.
You hit the jelly. The acid corrodes you!
Your hands burn!
The jelly is moderately wounded.
The jelly hits you.
You are splashed with acid!
You hit the jelly but do no damage.
Your hands burn!
The jelly is lightly wounded.
The jelly hits you.
You are splashed with acid!
You slash the jelly! The acid corrodes you!
Your hands burn!
The jelly is almost dead.
The jelly hits you. The acid corrodes you!
You are splashed with acid!
* * * LOW HITPOINT WARNING * * *
Okay, then.
You feel very mighty all of a sudden. The jelly hits you.
* * * LOW HITPOINT WARNING * * *
The acid corrodes you!
You are splashed with acid!
You die...

....#.#!.....#
.##.(....#.....[#
..#........o####
.?.........{##.##
#........#.o....#
#.......####....#
.........# #...##
......J..####..#
.......@.......#
..............##
....#......)..#
.#..##...))<###
.........##
##........#
##.......#
#........#
......(..##


You could see a jelly.

Vanquished Creatures
  A phantom (D:4)
  A bullfrog (D:4)
  A scorpion (D:4)
  2 orc priests
  A jelly (D:4)
  Ijyb (D:3)
  Natasha (D:4)
  3 orc wizards
  A mummy (D:4)
  5 adders
  7 worms
  A dart slug (D:2)
  14 orcs
  5 bats
  3 endoplasms
  A giant cockroach (D:2)
  3 goblins
  4 hobgoblins
  3 quokkas
  8 ball pythons
  A frilled lizard (D:1)
  4 kobolds
  A kobold zombie (D:4)
  3 orc zombies (D:4)
  5 rats
80 creatures vanquished.

Vanquished Creatures (others)
  5 dream sheep (D:4)
  3 fungi (D:4)
8 creatures vanquished.

Grand Total: 88 creatures vanquished

Notes
Turn   | Place    | Note
-------+----------+-------------------------------------------
     0 | D:1      | ketsa the Hill Orc Fighter began the quest for the Orb.
     0 | D:1      | Reached XP level 1. HP: 19/19 MP: 1/1
   167 | D:1      | Reached skill level 3 in Axes
   385 | D:1      | Reached XP level 2. HP: 19/26 MP: 2/2
   455 | D:1      | Found a faded altar of an unknown god.
   984 | D:2      | Reached skill level 4 in Axes
  1015 | D:2      | Reached XP level 3. HP: 30/31 MP: 3/3
  1246 | D:2      | Reached XP level 4. HP: 23/39 MP: 4/4
  1469 | D:3      | Noticed Ijyb
  1497 | D:3      | Killed Ijyb
  1498 | D:3      | Reached skill level 5 in Axes
  1607 | D:3      | Reached XP level 5. HP: 45/45 MP: 5/5
  1714 | D:3      | Reached skill level 6 in Axes
  1805 | D:3      | Found Ateq's Distillery.
  2223 | D:4      | Noticed Natasha
  2537 | D:4      | Noticed a black bear
  2537 | D:4      | Noticed a phantom
  2597 | D:4      | Reached XP level 6. HP: 30/51 MP: 6/6
  2798 | D:4      | Killed Natasha
  2799 | D:4      | Reached skill level 7 in Axes
  2917 | D:4      | Reached skill level 5 in Shields
  3081 | D:4      | Found an opulent altar of Gozag.
  3128 | D:4      | Noticed Natasha
  3206 | D:4      | Noticed a dream sheep
  3206 | D:4      | Noticed a dream sheep
  3206 | D:4      | Noticed a dream sheep
  3206 | D:4      | Noticed a dream sheep
  3206 | D:4      | Noticed a dream sheep
  3206 | D:4      | Found a shimmering altar of Xom.
  3211 | D:4      | Killed a dream sheep
  3211 | D:4      | Killed a dream sheep
  3211 | D:4      | Killed a dream sheep
  3211 | D:4      | Killed a dream sheep
  3211 | D:4      | Killed a dream sheep
  3309 | D:4      | Reached skill level 8 in Axes
  3309 | D:4      | Reached XP level 7. HP: 38/57 MP: 7/7
  3441 | D:4      | Found a runed translucent door.
  3442 | D:4      | Noticed Crazy Yiuf
  3502 | D:4      | Found a hazy altar of Hepliaklqana.
  3591 | D:5      | Entered Level 5 of the Dungeon
  3777 | D:5      | Splashed by a jelly's acid

Illustrated notes

Levels and vault maps discovered:
D:1:      eino_arrival_cavern_d, layout_loops_corners,
          hellmonk_ecumenical_altar_arch_garden
D:2:      layout_rooms, chequers_serial_rivers_room_b
D:3:      layout_loops_ring, serial_shops, nicolae_shop_tiny_waterfront,
          uniq_ijyb
D:4:      layout_rooms, kb_xom_exploding_sheep,
          nicolae_hepliaklqana_hippocampus, grunt_gozag_breadcrumbs,
          minmay_mini_ossuary, uniq_crazy_yiuf_cottage, uniq_natasha
D:5:      layout_cave_pools, gammafunk_ghost_abyssal_escape,
          hangedman_abyss_or_decor_stagger

Skill      XL: |  1  2  3  4  5  6  7 |
---------------+----------------------+-----
Axes           | 3 4 5 6 8 |  8.4
Shields        | 4 5 |  5.4
Fighting       | 4 |  4.0
Armour         | |  3.6

Action                     |  1- 3 |  4- 6 |  7- 9 || total
---------------------------+-------+-------+-------++-------
  Melee: War axe           |    96 |   161 |    24 ||   281
    Use: Potion            |       |     4 |     1 ||     5
         Scroll            |       |     6 |       ||     6
 Armour: Scale mail        |    49 |    69 |    12 ||   130
         Skin              |       |    29 |       ||    29
  Dodge: Dodged            |    46 |    51 |    12 ||   109
  Block: Buckler           |    24 |    30 |     6 ||    60
